 Dungeon Crawl Stone Soup version 0.29.1-1-gd02db6906a (webtiles) character file.

Game seed: 3784559819161467349

959 SINSOJ the Basher (level 7, -1/63 HPs)
             Began as a Minotaur Berserker on Oct 17, 2022.
             Was a Believer of Trog.
             Slain by a lemure (7 damage)
             ... led by Pikel
             ... on level 6 of the Dungeon.
             The game lasted 00:21:00 (7575 turns).

SINSOJ the Basher (Minotaur Berserker)              Turns: 7575, Time: 00:21:01

Health: -1/63      AC:  2    Str: 23    XL:     7   Next: 91%
Magic:  6/6        EV: 13    Int:  4    God:    Trog [**....]
Gold:   215        SH:  0    Dex: 10    Spells: 6/6 levels left

rFire   . . .      SeeInvis .   a - +0 mace
rCold   + . .      Faith    .   (no shield)
rNeg    . . .      Spirit   .   b - +0 animal skin
rPois   +          Reflect  .   (helmet restricted)
rElec   .          Harm     .   (no cloak)
rCorr   .          Rampage  .   (no gloves)
Will    ++...                   (no boots)
Stlth   ++........              q - amulet of Eqagiaba {RegenMP rC+}
HPRegen 1.20/turn               h - ring of poison resistance
MPRegen 0.50/turn               (no ring)

@: strong-willed, attractive, regenerating
A: horns 2, retaliatory headbutt
a: Renounce Religion, Berserk, Trog's Hand


You were on level 6 of the Dungeon.
You worshipped Trog.
Trog was pleased with you.
You visited 1 branch of the dungeon, and saw 6 of its levels.

You collected 215 gold pieces.

Inventory:

Hand Weapons
 a - a +0 mace (weapon)
Missiles
 j - 4 throwing nets (quivered)
Armour
 b - a +0 animal skin (worn)
 c - a +0 robe
Jewellery
 h - a ring of poison resistance (left hand)
 q - the amulet of Eqagiaba (around neck) {RegenMP rC+}
   (You found it on level 3 of the Dungeon)

   [amulet of magic regeneration]

   It increases your rate of magic regeneration.
   rC:        It protects you from cold.
Wands
 v - a wand of paralysis (10)
Scrolls
 f - 2 scrolls of fear {unknown}
 g - 3 scrolls of identify {unknown}
 i - a scroll of brand weapon {unknown}
 k - a scroll of silence {unknown}
 l - 3 scrolls of teleportation {unknown}
 r - a scroll of poison {unknown}
 s - 2 scrolls of vulnerability
 u - a scroll of noise {unknown}
 w - 3 scrolls of acquirement {unknown}
Potions
 d - a potion of degeneration {unknown}
 e - a potion of curing
 m - a potion of magic {unknown}
 n - a potion of attraction
 o - a potion of berserk rage {unknown}
 p - a potion of heal wounds {unknown}
 t - a potion of mutation {unknown}


   Skills:
 + Level 6.2 Fighting
 + Level 8.3 Maces & Flails
 + Level 2.7 Armour
 + Level 5.3 Dodging
 + Level 1.5 Stealth


You had 6 spell levels left.
You didn't know any spells.
Your spell library was empty.

Dungeon Overview and Level Annotations

Branches:
Dungeon (6/15)             Temple (0/1) D:4

Altars:
Ashenzari
Hepliaklqana
Okawaru

Shops:
D:5 *

Annotations:
D:6 Pikel


Innate Abilities, Weirdness & Mutations

You have a pair of horns on your head.
You reflexively headbutt those who attack you in melee.


Message History

Pikel shouts!
The lemure shouts!
A lemure comes into view.
The lemure shouts!
A lemure comes into view.
The lemure shouts!
You hit Pikel but do no damage. Your headbutt misses Pikel.
A steam dragon comes into view.
Pikel hits you with a +2 whip of flaming!
Pikel burns you.
The steam dragon hisses angrily.
You hit Pikel but do no damage. You headbutt Pikel, but do no damage.
Pikel hits you with a +2 whip of flaming.
Pikel burns you.
You sock Pikel!
Pikel is lightly wounded.
The steam dragon breathes steam at you. The ball of steam hits you.
The lemure misses you.
Pikel hits you with a +2 whip of flaming!
Pikel burns you.
You hit Pikel.
Pikel is moderately wounded.
You are engulfed in a cloud of scalding steam.
The lemure hits you!
Pikel hits you with a +2 whip of flaming!
* * * LOW HITPOINT WARNING * * *
Pikel burns you.
* * * LOW HITPOINT WARNING * * *
Your skin crawls.
You feel strong-willed. The lemure hits you.
* * * LOW HITPOINT WARNING * * *
The lemure hits you.
* * * LOW HITPOINT WARNING * * *
Pikel barely misses you.
It was a potion of attraction.
You feel attractive to monsters. The lemure barely misses you.
The lemure hits you.
* * * LOW HITPOINT WARNING * * *
The lemure hits you!
You die...

#... . .......
.#...# . .......
...... .#§......
...$.. #§.......
......##.D..<..
............#
........55..#
........@K5.## .
...#.....5...#
...###.......###
....<...#..#.#
.......<...###
.....##.....#
(.>........## .
###......#
##.......


You could see Pikel, a steam dragon and 4 lemures.

Vanquished Creatures
  Grinder (D:5)
  An ice beast (D:5)
  A black bear (D:5)
  A necrophage (D:5)
  2 scorpions
  3 hounds (D:4)
  A jelly (D:4)
  Jessica (D:3)
  An iguana (D:5)
  3 orc wizards (D:5)
  3 gnolls (D:3)
  4 adders
  A worm (D:3)
  4 orcs (D:5)
  An endoplasm (D:3)
  2 giant cockroaches
  14 goblins
  7 hobgoblins
  4 jackals
  6 quokkas
  4 ball pythons
  A bat (D:1)
  3 frilled lizards
  4 kobolds
  4 rats
77 creatures vanquished.

Vanquished Creatures (others)
  A plant (D:3)
1 creature vanquished.

Grand Total: 78 creatures vanquished

Notes
Turn   | Place    | Note
-------+----------+-------------------------------------------
     0 | D:1      | SINSOJ the Minotaur Berserker began the quest for the Orb.
     0 | D:1      | Reached XP level 1. HP: 19/19 MP: 0/0
   302 | D:1      | Reached XP level 2. HP: 27/27 MP: 1/1
   799 | D:2      | Reached skill level 4 in Maces & Flails
   841 | D:2      | Reached XP level 3. HP: 34/34 MP: 2/2
  1097 | D:3      | Reached ** piety under Trog
  1108 | D:3      | Reached XP level 4. HP: 15/41 MP: 3/3
  1338 | D:3      | Identified the amulet of Eqagiaba {RegenMP rC+}
  1446 | D:3      | Found an iron altar of Okawaru.
  1552 | D:3      | Noticed Jessica
  1579 | D:3      | Killed Jessica
  1580 | D:3      | Reached skill level 5 in Maces & Flails
  2106 | D:4      | Reached XP level 5. HP: 37/47 MP: 4/4
  2181 | D:4      | Found a staircase to the Ecumenical Temple.
  2802 | D:4      | Reached skill level 5 in Fighting
  3840 | D:4      | Reached skill level 6 in Maces & Flails
  3840 | D:4      | Reached XP level 6. HP: 23/56 MP: 5/5
  4512 | D:4      | Found a broken altar of Ashenzari.
  4512 | D:4      | Found a hazy altar of Hepliaklqana.
  4567 | D:5      | Entered Level 5 of the Dungeon
  4614 | D:5      | Reached skill level 1 in Stealth
  4647 | D:5      | Found Ziydag Piri's General Store.
  4671 | D:5      | Noticed Grinder
  4676 | D:5      | Paralysed by Grinder for 2 turns
  4685 | D:5      | Killed Grinder
  4686 | D:5      | Reached skill level 7 in Maces & Flails
  4686 | D:5      | Reached XP level 7. HP: 49/62 MP: 6/6
  5037 | D:5      | Reached skill level 5 in Dodging
  6326 | D:5      | Reached skill level 8 in Maces & Flails
  7566 | D:6      | Noticed Pikel
  7570 | D:6      | Noticed a steam dragon
  7575 | D:6      | Slain by a lemure

Illustrated notes

Levels and vault maps discovered:
D:1:      heliophobic_arrival_henge, layout_basic, minmay_tiny_reverse_x
D:2:      layout_basic, minmay_ruptured
D:3:      layout_rooms, mainiacjoe_overflow_24_doors, serial_bayou,
          serial_bayou_shore_b, serial_bayou_ford_a, serial_bayou_shore_a,
          serial_bayou_pond_d, uniq_jessica
D:4:      cheibrodos_greedy_goblins, layout_loops_ring,
          amethyst_overflow_temple_binary, minmay_temple_entry_mini_moons
D:5:      layout_loops_ring, serial_shops, shop, uniq_grinder
D:6:      layout_cave_pools, uniq_pikel

Skill      XL: |  1  2  3  4  5  6  7 |
---------------+----------------------+-----
Fighting       | 4 5 6 |  6.2
Maces & Flails | 4 5 6 7 8 |  8.3
Dodging        | 3 4 5 |  5.3
Stealth        | 1 |  1.5
Armour         | |  2.7

Action                   |  1- 3 |  4- 6 |  7- 9 || total
-------------------------+-------+-------+-------++-------
Melee: Mace              |    55 |    91 |    51 ||   197
       Headbutt          |    11 |    19 |    10 ||    40
       Punch             |     1 |       |       ||     1
Invok: Trog's Hand       |       |     1 |     1 ||     2
       Berserk           |       |     1 |       ||     1
  Use: Potion            |     3 |       |     1 ||     4
       Scroll            |       |     1 |       ||     1
Armor: Animal skin       |    11 |    14 |     8 ||    33
Dodge: Dodged            |    49 |    70 |    32 ||   151
